 Dungeon Crawl Stone Soup version 0.20.0-15-g7f486f2 (webtiles) character file.

97 greprep the Grave Robber (level 4, -2/24 HPs)
             Began as a Deep Elf Necromancer on June 18, 2017.
             Slain by a gnoll
             ... wielding a +0 flail
              (12 damage)
             ... on level 1 of the Dungeon.
             The game lasted 00:06:40 (3836 turns).

greprep the Grave Robber (Deep Elf Necromancer)     Turns: 3836, Time: 00:06:41

Health: -2/24      AC:  2    Str:  5    XL:     4   Next: 42%
Magic:  2/12       EV: 13    Int: 21    God:
Gold:   58         SH:  0    Dex: 15    Spells: 6/11 levels left

rFire    . . .     SeeInvis .   d - +0 dagger
rCold    + . .     Gourm    .   (no shield)
rNeg     . . .     Faith    .   a - +0 robe
rPois    .         Spirit   .   (no helmet)
rElec    .         Reflect  .   (no cloak)
rCorr    .         Harm     .   (no gloves)
MR       .....                  (no boots)
Stlth    ++........             (no amulet)
Regen    0.1/turn               f - ring of protection from cold
MPRegen  0.2/turn               (no ring)

@: no status effects
A: no striking features
a: no special abilities


You were on level 1 of the Dungeon.
You were not hungry.

You visited 1 branch of the dungeon, and saw 2 of its levels.

You collected 58 gold pieces.

Inventory:

Hand Weapons
 d - a +0 dagger (weapon)
Armour
 a - a +0 robe (worn)
Jewellery
 f - a ring of protection from cold (left hand)
Scrolls
 e - 2 scrolls of identify {unknown}
 g - a scroll of recharging {unknown}
 h - 4 scrolls of teleportation {unknown}
 k - 2 scrolls of remove curse {unknown}
Books
 b - a book of Necromancy

   Spells                             Type                      Level
   a - Pain                           Necromancy                   1
   b - Animate Skeleton               Necromancy                   1
   c - Vampiric Draining              Necromancy                   3
   d - Regeneration                   Charms/Necromancy            3
   e - Animate Dead                   Necromancy                   4
   f - Control Undead                 Necromancy                   4
Comestibles
 c - 3 bread rations
 j - 2 meat rations


   Skills:
 + Level 0.1 Fighting
 + Level 2.6 Dodging
 + Level 2.7 Stealth
 + Level 4.3 Spellcasting
 + Level 6.2 Necromancy


You had 6 spell levels left.
You knew the following spells:

 Your Spells              Type           Power        Failure   Level  Hunger
a - Pain                  Necr           ####         1%          1    None
b - Animate Dead          Necr           N/A          9%          4    ####...


Dungeon Overview and Level Annotations

Branches:
Dungeon (2/15)

Altars:
Makhleb
Xom


Message History

The gnoll hits you from afar with a spear!
The gnoll hits your goblin zombie.
Your goblin zombie hits the gnoll with a club.
There is a stone staircase leading up here.
The gnoll hits you but does no damage.
You climb upwards.
The gnoll closely misses you. The gnoll hits you with a flail.
There is a stone staircase leading down here.
You're too hungry to rest.
You're too hungry to rest.
You don't have the energy to cast that spell.
There is a stone staircase leading down here.
You don't have the energy to cast that spell.
You eat the royal jelly.
That royal jelly was delicious!
The gnoll misses you.
Casting: Animate Dead
Confirm with . or Enter, or press ? or * to list all spells.
You call on the dead to rise...
Nothing appears to happen.
The gnoll hits you with a flail!
Ouch! That really hurt!
You die...

#.#.# #.# #.#.#
##########.# #.#.#
####..........# #.#.#
#.......#######
##.#.#######.......#
........(.##.......#
#.#................#
#....####(#........##
####...##.#....g@...######
##### #
####.##.#..............#
#.... #
#.......#.###.#...####.#
#.... #
#.#####÷#.###.##.##
#.####.... ###.#
#.#.....##.#####.##.#....
....#
#.#..##..(..........#....
###.#
#.#..#####.#####.####....
#.#####.#..#####.#
#.####....
#................#
#.#..#...§


You could see a gnoll.

Vanquished Creatures
  A gnoll (D:2)
  2 adders (D:2)
  2 oozes (D:1)
  A dart slug (D:1)
  A giant cockroach (D:2)
  11 goblins
  6 hobgoblins
  2 jackals
  10 kobolds
  3 quokkas
  3 ball pythons
  8 bats
  4 frilled lizards
  4 rats
58 creatures vanquished.

Notes
Turn   | Place    | Note
-------+----------+-------------------------------------------
     0 | D:1      | greprep the Deep Elf Necromancer began the quest for the Orb.
     0 | D:1      | Reached XP level 1. HP: 10/10 MP: 6/6
     7 | D:1      | Reached skill level 5 in Necromancy
   270 | D:1      | Reached XP level 2. HP: 10/15 MP: 4/8
  1289 | D:1      | Reached XP level 3. HP: 17/19 MP: 5/9
  2372 | D:2      | Reached skill level 6 in Necromancy
  2639 | D:2      | Found a shimmering altar of Xom.
  2939 | D:2      | Reached XP level 4. HP: 19/24 MP: 9/12
  2952 | D:2      | Found a burning altar of Makhleb.
  3422 | D:1      | Learned a level 4 spell: Animate Dead
  3836 | D:1      | Slain by a gnoll

Skill      XL: |  1  2  3 |
---------------+----------+-----
Necromancy     | 5 6 |  6.2
Spellcasting   | 4 |  4.3
Fighting       | |  0.1
Dodging        | |  2.6
Stealth        | |  2.7

Action                   |  1- 3 |  4- 6 || total
-------------------------+-------+-------++-------
Melee: Dagger            |     8 |       ||     8
 Cast: Pain              |    69 |    19 ||    88
       Animate Dead      |       |     5 ||     5
 Stab: Sleeping          |     4 |       ||     4
  Eat: Chunk             |     4 |     3 ||     7
       Royal jelly       |       |     1 ||     1
Armor: Robe              |     6 |     1 ||     7
Dodge: Dodged            |    20 |    10 ||    30
